 Dungeon Crawl Stone Soup version 0.26.1-12-g5ba1501909 (webtiles) character file.

Game seed: 3210453287075806434

1118 Zeld the Conjurer (level 8, -5/63 HPs)
             Began as a Black Draconian Conjurer on Nov 1, 2021.
             Was an Initiate of Sif Muna.
             Slain by an orc warrior
             ... wielding a +0 long sword
              (7 damage)
             ... on level 5 of the Dungeon.
             The game lasted 00:10:14 (8116 turns).

Zeld the Conjurer (Black Draconian Conjurer)        Turns: 8116, Time: 00:10:14

Health: -5/63      AC:  6    Str: 11    XL:     8   Next: 12%
Magic:  9/13       EV: 13    Int: 20    God:    Sif Muna [......]
Gold:   185        SH:  0    Dex:  9    Spells: 3/14 levels left

rFire    . . .     SeeInvis .   (no weapon)
rCold    . . .     Faith    .   (no shield)
rNeg     . . .     Spirit   .   (armour unavailable)
rPois    .         Reflect  .   (helmet restricted)
rElec    +         Harm     .   (no cloak)
rCorr    .         Rampage  .   (no gloves)
Will     .....     NoTele   +   (no boots)
Stlth    ++........             (no amulet)
HPRegen  0.20/turn              (no ring)
MPRegen  0.13/turn              (no ring)

@: short of breath, can't move, very slightly contaminated, studying Poison
Magic
A: breathe lightning, unfitting armour, electricity resistance, cold-blooded, AC
+6
a: Breathe Lightning, Renounce Religion


You were on level 5 of the Dungeon.
You worshipped Sif Muna.
Sif Muna was noncommittal.
You visited 1 branch of the dungeon, and saw 6 of its levels.

You collected 185 gold pieces.

Inventory:

Jewellery
 b - the ring of Symmetry {Ice rElec Str+4, unknown}
   (You found it on level 5 of the Dungeon)

   [ring of ice]

   It enhances your ice magic.
   It affects your strength (+4).
   It makes you vulnerable to fire.
   It protects you from cold.
   It insulates you from electricity.
 h - a cursed ring of attention {unknown}
 k - a +6 ring of strength {unknown}
 t - an uncursed ring of protection from fire {unknown}
Scrolls
 e - 4 scrolls of teleportation
 g - 4 scrolls of enchant armour
 o - a scroll of blinking
 s - a scroll of amnesia {unknown}
Potions
 a - a potion of mutation {unknown}
 c - 5 potions of curing {unknown}
 d - a potion of haste {unknown}
 f - a potion of resistance {unknown}
 i - 3 potions of attraction {unknown}
 j - 2 potions of lignification {unknown}
 l - a potion of invisibility {unknown}
 m - a potion of flight {unknown}
 q - a potion of might {unknown}
 v - a potion of heal wounds {unknown}
Books
 u - a manual of Poison Magic


   Skills:
 + Level 3.5 Fighting
 + Level 3.6 Dodging
 + Level 3.9 Stealth
 + Level 3.7 Spellcasting
 * Level 6.5 Conjurations
 + Level 2.5 Hexes
 + Level 1.8 Translocations


You had 3 spell levels left.
You knew the following spells:

 Your Spells              Type           Power        Failure   Level
a - Magic Dart            Conj           100%         1%          1
b - Searing Ray           Conj           58%          1%          2
c - Fulminant Prism       Conj/Hex       10%          21%         4
d - Iskenderun's Mystic   Conj/Tloc      20%          24%         4

Your spell library contained the following spells:

 Spells                   Type           Power        Failure   Level
 Dazzling Flash           Conj/Hex       42%          6%          3
 Confusing Touch          Hex            14%          14%         3
 Gell's Gravitas          Tloc           5%           19%         3
 Petrify                  Tmut/Erth      3%           78%         4
 Metabolic Englaciation   Hex/Ice        4%           91%         5
 Yara's Violent Unravell  Hex/Tmut       4%           91%         5


Dungeon Overview and Level Annotations

Branches:
Dungeon (6/15)
 Temple: D:4-7

Altars:
Dithmenos
Okawaru
Sif Muna
Uskayaw


Innate Abilities, Weirdness & Mutations

You can breathe wild blasts of lightning.
Your glossy black scales are hard. (AC +6)
You cannot fit into any form of body armour.
You are resistant to electric shocks. (rElec)
You are cold-blooded and may be slowed by cold attacks.


Message History

Unknown command.
You cannot blink because you are magically locked down.
You cannot move.
You cannot teleport because you are magically locked down.
Unknown command.
You aren't carrying any items that you can evoke.
Unknown command.
You breathe a wild blast of lightning!
You hear a mighty clap of thunder!
The orb of electricity explodes!
The orb of electricity engulfs the orc warrior!!
The orc warrior is severely wounded.
The orb of electricity engulfs you! You resist.
* * * LOW HITPOINT WARNING * * *
You hear a mighty clap of thunder!
The bolt of lightning hits you. You resist.
* * * LOW HITPOINT WARNING * * *
The bolt of lightning misses you.
The orc warrior hits you with a +0 long sword!
You die...

#.#.# #.#...# #.#### #.#.#
#.#...# #..... ....# #.#...#
###### .#..# #.#...#
....##########.#...#
#..................########
#.#.####.......##.........#
#.#.####.########.#######.#
#.........<....o@.# ##.#######
###.####..#######.####
#.........
###.####...####......#
#.#######.
............(........# #.# #.
####(.#.##.##.##.##..###.###
#. #.###############..##...##
#. #..###..#..#..#.##....#..#
#< #.##..#..#).#..#..#####..#
#.
#..##..#).#..#..##(...#.[####.


You could see an orc warrior.

Vanquished Creatures
  Eustachio (D:5)
  A sky beast (D:5)
  A black bear (D:5)
  2 scorpions (D:5)
  A killer bee (D:5)
  A jelly (D:5)
  A hound (D:4)
  5 orc wizards
  2 iguanas
  4 worker ants
  A killer bee zombie (D:5)
  A hound zombie (D:5)
  A hound skeleton (D:4)
  7 gnolls
  6 adders
  A shadow imp (D:5)
  An ooze (D:1)
  2 adder zombies (D:1)
  An adder skeleton (D:4)
  3 worms
  2 dart slugs (D:5)
  5 leopard geckos
  9 orcs
  5 giant cockroaches
  9 goblins
  4 hobgoblins
  3 jackals (D:3)
  7 quokkas
  3 ball pythons
  6 bats
  5 frilled lizards
  7 kobolds
  A leopard gecko skeleton (D:5)
  A quokka skeleton (D:4)
  8 rats
118 creatures vanquished.

Vanquished Creatures (others)
  A fulminant prism (D:5)
1 creature vanquished.

Grand Total: 119 creatures vanquished

Notes
Turn   | Place    | Note
-------+----------+-------------------------------------------
     0 | D:1      | Zeld the Draconian Conjurer began the quest for the Orb.
     0 | D:1      | Reached XP level 1. HP: 14/14 MP: 3/3
    67 | D:1      | Reached XP level 2. HP: 15/22 MP: 0/5
    70 | D:1      | Learned a level 2 spell: Searing Ray
   671 | D:1      | Reached skill level 1 in Fighting
   671 | D:1      | Reached XP level 3. HP: 17/28 MP: 2/6
  1961 | D:2      | Found an iron altar of Okawaru.
  2163 | D:2      | Reached XP level 4. HP: 35/35 MP: 2/7
  2168 | D:2      | Learned a level 4 spell: Fulminant Prism
  2284 | D:2      | Found a shimmering blue altar of Sif Muna.
  3506 | D:3      | Found a hide-covered altar of Uskayaw.
  3779 | D:4      | Reached XP level 5. HP: 41/41 MP: 1/8
  3905 | D:4      | Identified the +4 dagger "Mirar" {vorpal, *Corrode +Fly
                  | rF++ Int+2}
  4157 | D:4      | Reached skill level 5 in Conjurations
  4521 | D:4      | Reached skill level 1 in Hexes
  4899 | D:5      | Entered Level 5 of the Dungeon
  4906 | D:5      | Reached XP level 6. HP: 45/48 MP: 4/10
  5629 | D:4      | Your scales start taking on a glossy black colour.
  5629 | D:4      | Reached XP level 7. HP: 42/56 MP: 0/11
  5629 | D:4      | Gained mutation: You are resistant to electric shocks.
                  | (rElec) [Black Draconian growth]
  5634 | D:4      | Learned a level 4 spell: Iskenderun's Mystic Blast
  6544 | D:5      | Reached skill level 1 in Translocations
  6720 | D:5      | Reached skill level 6 in Conjurations
  7277 | D:5      | Noticed Eustachio
  7286 | D:5      | Killed Eustachio
  7287 | D:5      | Reached XP level 8. HP: 63/63 MP: 4/13
  7387 | D:5      | Found a shadowy altar of Dithmenos.
  7462 | D:5      | Got a translucent copper ring
  7571 | D:2      | Became a worshipper of Sif Muna the Loreminder
  8116 | D:5      | HP: 2/63 [bounced beam (4)]
  8116 | D:5      | Slain by an orc warrior

Illustrated notes

Levels and vault maps discovered:
D:1:      saegor_arrival_fortress, layout_loops_ring, st_stairs_1
D:2:      layout_loops_ring, lemuel_blue_sif_altar, okawaru_trees_2
D:3:      minmay_inner_zag, layout_basic, old_standard_altar
D:4:      layout_loops_ring
D:5:      minmay_bubble_buster, layout_loops_ring, lemuel_doored_altar,
          minmay_manual_macuahuitl, uniq_eustachio
D:6:      layout_loops_ring, minmay_temple_entry_statues_pillars,
          ebering_ghost_xom, nicolae_qazlal_eye_of_the_storm

Skill      XL: |  1  2  3  4  5  6  7 |
---------------+----------------------+-----
Dodging        | 2 3 |  3.6
Stealth        | 2 3 |  3.9
Fighting       | 1 2 3 |  3.5
Conjurations   | 5 6 |  6.5
Hexes          | 1 2 |  2.5
Spellcasting   | 3 |  3.7
Translocations | 1 |  1.8

Action                   |  1- 3 |  4- 6 |  7- 9 || total
-------------------------+-------+-------+-------++-------
Melee: Unarmed           |    25 |    25 |    26 ||    76
       Tailslap          |     3 |     1 |     2 ||     6
 Cast: Magic Dart        |    57 |    63 |     8 ||   128
       Searing Ray       |     5 |    24 |    31 ||    60
       Fulminant Prism   |       |     1 |       ||     1
 Abil: Breathe Lightning |       |       |     3 ||     3
  Use: Scroll            |       |       |     5 ||     5
Armor: Skin              |    12 |    28 |    20 ||    60
Dodge: Dodged            |    25 |    73 |    65 ||   163
